 Dungeon Crawl Stone Soup version 0.22.1-1-ga44c0e56f4 (webtiles) character file.

636 Riddle the Skirmisher (level 7, -18/45 HPs)
             Began as a Kobold Gladiator on Sept 20, 2018.
             Was a Follower of Cheibriados.
             Demolished by a large slime creature (27 damage)
             ... on level 5 of the Dungeon.
             The game lasted 00:09:08 (6015 turns).

Riddle the Skirmisher (Kobold Gladiator)            Turns: 6015, Time: 00:09:09

Health: -18/45     AC: 10    Str: 13    XL:     7   Next: 79%
Magic:  16/16      EV: 15    Int: 11    God:    Cheibriados [*.....]
Gold:   225        SH:  6    Dex: 21    Spells: 6/6 levels left

rFire    . . .     SeeInvis .   a - +0 quarterstaff
rCold    . . .     Gourm    .   (shield currently unavailable)
rNeg     . . .     Faith    .   x - +0 scale mail
rPois    .         Spirit   .   y - +0 helmet
rElec    .         Reflect  +   (no cloak)
rCorr    .         Harm     .   e - +0 pair of gloves
MR       .....                  (no boots)
Stlth    ..........             u - +6 amulet of reflection
HPRegen  0.15/turn              k - ring of magical power
MPRegen  0.15/turn              w - +2 ring of protection

@: very slow
A: small, carnivore
a: Bend Time, Renounce Religion


You were on level 5 of the Dungeon.
You worshipped Cheibriados.
Cheibriados was aware of your devotion.
You were very full.

You visited 1 branch of the dungeon, and saw 5 of its levels.

You collected 225 gold pieces.

Inventory:

Hand Weapons
 a - a +0 quarterstaff (weapon)
Missiles
 d - 3 throwing nets (quivered)
Armour
 e - a +0 pair of gloves (worn)
 x - a +0 scale mail (worn)
 y - a +0 helmet (worn)
Jewellery
 k - a ring of magical power (left hand)
 u - a +6 amulet of reflection (around neck)
 w - a +2 ring of protection (right hand)
Wands
 t - a wand of iceblast (5)
Scrolls
 g - 5 scrolls of remove curse
 h - 5 scrolls of teleportation
 l - 3 scrolls of immolation {unknown}
 o - 5 scrolls of identify {unknown}
 q - 2 scrolls of fog {unknown}
 r - 4 scrolls of noise {unknown}
 s - a scroll of magic mapping {unknown}
 v - a scroll of enchant armour {unknown}
Potions
 c - a potion of might {unknown}
 i - a potion of magic {unknown}
 j - 2 potions of haste {unknown}
 m - 3 potions of curing {unknown}
 n - 2 potions of heal wounds {unknown}
 p - a potion of brilliance {unknown}
Comestibles
 f - 11 rations


   Skills:
 * Level 5.8 Fighting
 * Level 5.3 Staves
 - Level 2.1 Throwing
 + Level 5.5 Dodging


You had 6 spell levels left.
You didn't know any spells.
Your spell library was empty.

Dungeon Overview and Level Annotations

Branches:
Dungeon (5/15)             Temple (0/1) D:5

Altars:
Cheibriados
Fedhas
Okawaru
Uskayaw
Vehumet
Wu Jian
Xom
Yredelemnul
The Shining One


Innate Abilities, Weirdness & Mutations

You are small and have problems with some larger weapons.
You are carnivorous and can eat meat at any time.


Message History

You are too injured to fight recklessly!
You are too injured to fight recklessly!
You are too injured to fight recklessly!
You are too injured to fight recklessly!
You are too injured to fight recklessly!
You are too injured to fight recklessly!
You are too injured to fight recklessly!
You are too injured to fight recklessly!
You are too injured to fight recklessly!
You are too injured to fight recklessly!
You are too injured to fight recklessly!
You are too injured to fight recklessly!
You are too injured to fight recklessly!
You are too injured to fight recklessly!
You are too injured to fight recklessly!
You are too injured to fight recklessly!
The jelly jiggles.
The large slime creature hits you!!
Ouch! That really hurt!
You die...

##########
#...#####.....
#.......P?
#.###.........
#...P..JP.
#.##.....###.#
#÷J.÷.J.PJ #........#
#.# #.P.P.P.P.
####.....###.#
#.J.÷.J..÷ ##........#
#.....J... #######.## ##
#J####### #.# ..#
##.JJ†J@## #.# #.#
########.# #.# ..#
#....'..## # #.# ..#
#....#### ....##.## ...
#.......# #...... #
#.......############...#
#.#
#.......##.......##.....
..#
#.(.....########.###...#
### ##.....## #.# ##.##


You could see a large slime creature, a jelly and 2 oozes.

Vanquished Creatures
  2 big kobolds (D:5)
  A centaur skeleton (D:4)
  2 jellies (D:5)
  Terence (D:2)
  6 orc wizards
  A worker ant (D:4)
  2 hound skeletons
  4 gnolls
  5 adders
  A shadow imp (D:5)
  2 oozes (D:2)
  4 worms
  10 orcs
  2 giant cockroaches
  5 goblins
  7 hobgoblins
  4 jackals
  12 kobolds
  3 quokkas
  A ball python (D:4)
  6 bats
  5 frilled lizards
  6 rats
92 creatures vanquished.

Vanquished Creatures (others)
  A kobold (D:3)
  7 toadstools (D:5)
8 creatures vanquished.

Grand Total: 100 creatures vanquished

Notes
Turn   | Place    | Note
-------+----------+-------------------------------------------
     0 | D:1      | Riddle the Kobold Gladiator began the quest for the Orb.
     0 | D:1      | Reached XP level 1. HP: 12/12 MP: 1/1
   262 | D:1      | Reached XP level 2. HP: 18/18 MP: 1/2
   943 | D:2      | Reached XP level 3. HP: 22/22 MP: 3/3
   976 | D:2      | Found a hide-covered altar of Uskayaw.
   978 | D:2      | Found an iron altar of Okawaru.
  1043 | D:2      | Noticed Terence
  1057 | D:2      | Killed Terence
  1057 | D:2      | Reached XP level 4. HP: 25/28 MP: 4/4
  1119 | D:2      | Found a blossoming altar of Fedhas.
  1563 | D:2      | Found a basalt altar of Yredelemnul.
  1563 | D:2      | Found an ornate altar of the Wu Jian Council.
  1568 | D:2      | Found a shimmering altar of Xom.
  1570 | D:2      | Found a faded altar of an unknown god.
  1965 | D:1      | Reached XP level 5. HP: 18/33 MP: 5/5
  2379 | D:2      | Found a faded altar of an unknown god.
  3841 | D:3      | Reached XP level 6. HP: 38/38 MP: 6/6
  3868 | D:3      | Found a radiant altar of Vehumet.
  4214 | D:4      | Found a glowing golden altar of the Shining One.
  4548 | D:4      | Found a snail-covered altar of Cheibriados.
  4668 | D:4      | Became a worshipper of Cheibriados the Contemplative
  4789 | D:4      | Reached skill level 5 in Dodging
  5028 | D:5      | Entered Level 5 of the Dungeon
  5173 | D:4      | Reached skill level 5 in Fighting
  5173 | D:4      | Reached XP level 7. HP: 38/44 MP: 7/7
  5739 | D:5      | Found a staircase to the Ecumenical Temple.
  5842 | D:5      | Reached skill level 5 in Staves
  5859 | D:5      | Reached * piety under Cheibriados
  6005 | D:5      | Noticed a slime creature
  6005 | D:5      | Noticed a slime creature
  6005 | D:5      | Noticed a slime creature
  6015 | D:5      | Demolished by a large slime creature

Skill      XL: |  1  2  3  4  5  6  7 |
---------------+----------------------+-----
Staves         | 3 4 5 |  5.3
Fighting       | 3 4 5 |  5.8
Dodging        | 4 5 |  5.5
Throwing       | |  2.1

Action                   |  1- 3 |  4- 6 |  7- 9 || total
-------------------------+-------+-------+-------++-------
Melee: Quarterstaff      |    50 |   243 |    81 ||   374
  Use: Scroll            |       |     2 |       ||     2
 Stab: Sleeping          |       |     2 |       ||     2
  Eat: Chunk             |     8 |    14 |     1 ||    23
Armor: Leather armour    |    13 |    44 |     7 ||    64
       Scale mail        |       |       |    13 ||    13
Dodge: Dodged            |    40 |   233 |    36 ||   309
Block: Other             |       |    11 |    19 ||    30
